 Dungeon Crawl Stone Soup version 0.18-a0-1570-gf60b0ab (webtiles) character file.

536 Omaping the Chopper (level 7, -8/63 HPs)
             Began as a Hill Orc Fighter on Mar 12, 2016.
             Mangled by a fire elemental (10 damage)
             ... on level 1 of the Abyss on Mar 14, 2016.
             The game lasted 00:39:23 (3978 turns).

Omaping the Chopper (Hill Orc Fighter)              Turns: 3978, Time: 00:39:24

Health: -8/63      AC: 15    Str: 20 (21) XL:     7   Next: 25%
Magic:  7/7        EV:  3    Int:  7 (8)  God:
Gold:   132        SH:  9    Dex:  9 (10) Spells: 0 memorised, 6 levels left

rFire  . . .     SeeInvis .     a - +0 war axe
rCold  . . .     Gourm    .     e - +0 plate armour
rNeg   . . .     Faith    .     c - +0 shield
rPois  .         Spirit   .     (no helmet)
rElec  .         Dismiss  .     E - +0 cloak
rCorr  .         Reflect  .     (no gloves)
SustAt .         Harm     .     l - +0 pair of boots
MR     .....                    q - amulet of rage
Stlth  ..........               A - ring of flight
                                (no ring)

@: not resistant to hostile enchantments, extremely unstealthy
A: no striking features
a: Evoke Berserk Rage, Evoke Flight


You were on level 1 of the Abyss.
You were not hungry.

You visited 1 branch of the dungeon, and saw 4 of its levels.
You visited the Abyss 1 time.

You collected 132 gold pieces.

Inventory:

Hand Weapons
 a - a +0 war axe (weapon)
 i - a +0 hunting sling
 n - a +0 hand axe
 w - a +2 dagger of venom
 x - a +0 club
 y - a +0 spear
 B - a cursed +0 club
 D - a +2 quarterstaff of chaos
 F - a +0 mace
 K - a +0 mace of crushing
 M - a +1 long sword of flaming
Missiles
 g - 32 poisoned needles
 h - 158 stones (quivered)
 r - 16 arrows
 t - 43 sling bullets
 G - 15 bolts
Armour
 b - a +0 scale mail
 c - a +0 shield (worn)
 e - a +0 plate armour (worn)
 l - a +0 pair of boots (worn)
 E - a +0 cloak (worn)
Jewellery
 q - an amulet of rage (around neck)
 A - a ring of flight (right hand)
Scrolls
 p - a scroll of magic mapping
 z - a scroll of identify
 L - a scroll of blinking {unknown}
 N - a scroll of teleportation
Potions
 k - a potion of degeneration
 m - a potion of curing {unknown}
 s - a potion of berserk rage
 u - a potion of ambrosia {unknown}
 v - a potion of mutation {unknown}
 I - a potion of flight {unknown}
 J - a potion of brilliance {unknown}
Comestibles
 d - 3 chunks of flesh
 f - a bread ration
 j - 3 meat rations
 o - a slice of pizza
 H - 2 fruits


   Skills:
 + Level 6.1 Fighting
 + Level 6.4 Axes
 + Level 5.6 Armour
 - Level 0.1 Dodging
 - Level 0.1 Stealth
 - Level 3.2 Shields


You had 6 spell levels left.
You didn't know any spells.

Dungeon Overview and Level Annotations

Branches:
Dungeon (4/15)
 Temple: D:4-7

Altars:
Ru
The Shining One

Annotations:
D:4 Eustachio


Message History

You hit the fire elemental.
The fire elemental is lightly damaged.
The fire elemental hits you. The fire elemental burns you!
You closely miss the fire elemental.
The fire elemental is lightly damaged.
You block the fire elemental's attack. x2
You closely miss the fire elemental.
The fire elemental is lightly damaged.
The fire elemental hits you. The fire elemental burns you!
* * * LOW HITPOINT WARNING * * *
The fire elemental hits you. The fire elemental burns you!
* * * LOW HITPOINT WARNING * * *
You closely miss the fire elemental.
The fire elemental is lightly damaged.
The fire elemental hits you. The fire elemental burns you!
* * * LOW HITPOINT WARNING * * *
You hit the fire elemental.
The fire elemental is lightly damaged.
The fire elemental hits you. The fire elemental burns you!
You die...

#...#... . .# #. #
...#... . ##. #
.##. .#. ....
...#.#.. # #... #
##.#. . ## #..#
##§##.###. ..#
#..### #§.#..##...
.. ##....###.... #
.# .
#....@E......#..#.
# #
......###.........#
.# ....# ###..... #
# ≈ ..# ##..#...#
..# . #..## ...
#....#..#(.
#.....#. .# # .
###.. #. . # # ##


You could see a fire elemental.

Vanquished Creatures
  Grinder (D:3)
  The ghost of Jano the Ruffian, an amateur VSMo of Cheibriados (D:3)
  Crazy Yiuf (D:2)
  2 worker ants (D:4)
  6 adders
  An ooze (D:1)
  A worm (D:3)
  A dart slug (D:1)
  3 giant geckos (D:3)
  An orc (D:3)
  4 giant cockroaches
  8 goblins
  8 hobgoblins
  16 jackals
  9 kobolds
  A quokka (D:3)
  A ball python (D:2)
  7 bats
  3 giant newts
  13 rats
88 creatures vanquished.

Vanquished Creatures (others)
  A water elemental (Abyss:1)
1 creature vanquished.

Grand Total: 89 creatures vanquished

Notes
Turn   | Place    | Note
--------------------------------------------------------------
     0 | D:1      | Omaping the Hill Orc Fighter began the quest for the Orb.
     0 | D:1      | Reached XP level 1. HP: 19/19 MP: 1/1
   301 | D:1      | Reached XP level 2. HP: 27/27 MP: 2/2
   423 | D:1      | Upgraded the game from 0.18-a0-1560-ge216ca8 to 0.18-a0-1570-gf60b0ab
   628 | D:1      | Reached XP level 3. HP: 33/33 MP: 3/3
   832 | D:2      | Found a glowing golden altar of the Shining One.
   848 | D:2      | Found a sacrificial altar of Ru.
  1391 | D:2      | Reached XP level 4. HP: 41/41 MP: 4/4
  1540 | D:2      | Noticed Crazy Yiuf
  1545 | D:2      | Killed Crazy Yiuf
  2118 | D:3      | Reached skill level 5 in Fighting
  2118 | D:3      | Reached XP level 5. HP: 46/48 MP: 5/5
  2164 | D:3      | Noticed Grinder
  2182 | D:3      | Paralysed by Grinder for 4 turns
  2221 | D:3      | Noticed Jano's ghost (amateur VSMo)
  2223 | D:3      | Paralysed by Grinder for 7 turns
  2246 | D:3      | Killed Jano's ghost
  2246 | D:3      | Reached XP level 6. HP: 50/56 MP: 6/6
  2249 | D:3      | Paralysed by Grinder for 5 turns
  2260 | D:3      | Killed Grinder
  2260 | D:3      | Reached skill level 5 in Armour
  2260 | D:3      | Reached XP level 7. HP: 31/62 MP: 7/7
  3759 | D:4      | Noticed Eustachio
  3940 | D:4      | Cast into level 1 of the Abyss (Eustachio)
  3949 | Abyss:1  | Noticed a fire elemental
  3949 | Abyss:1  | Noticed a water elemental
  3955 | Abyss:1  | Killed a water elemental
  3977 | Abyss:1  | HP: 2/63 [fire elemental (3)]
  3978 | Abyss:1  | Mangled by a fire elemental

Vault maps used:
D:1:      dpeg_arrival_snail, minmay_distorted
D:2:      amethyst_overflow_temple_binary, uniq_crazy_yiuf_cottage
D:3:      uniq_grinder
D:4:      serial_glass, glass_columns_b, glass_columns_b, first_bread,
          minmay_tree_intersection, supply_closet_lemuel, minmay_ruptured,
          uniq_eustachio
Abyss:1:  hangedman_abyss_river_spirits

Skill      XL: |  1  2  3  4  5  6  7 |
---------------+----------------------+-----
Axes           | 3 4 6 |  6.4
Fighting       | 4 5 6 |  6.1
Armour         | 4 5 |  5.6
Dodging        | |  0.1
Stealth        | |  0.1
Shields        | |  3.2

Action                   |  1- 3 |  4- 6 |  7- 9 || total
-------------------------+-------+-------+-------++-------
Melee: War axe           |   116 |    91 |   117 ||   324
       Unarmed           |       |       |     9 ||     9
  Use: Potion            |       |     1 |     2 ||     3
       Scroll            |       |       |     4 ||     4
  Eat: Chunk             |     2 |     3 |       ||     5
       Meat ration       |       |       |     1 ||     1
       Pizza             |       |       |     1 ||     1
